 Dungeon Crawl Stone Soup version 0.30-a0-553-g7fabdf1491 (webtiles) character file.

Game seed: 15116907296103830190

11143 kae the Transmogrifier (level 11, -1/97 HPs)
             Began as a Demonspawn Transmuter on Dec 26, 2022.
             Was a Believer of Ru.
             Slain by an elephant (8 damage)
             ... on level 2 of the Lair of Beasts.
             The game lasted 00:13:46 (12305 turns).

kae the Transmogrifier (Demonspawn Transmuter)     Turns: 12305, Time: 00:13:46

Health: -1/97      AC: 11    Str: 11    XL:     11   Next: 45%
Magic:  21/21      EV: 12    Int: 29    God:    Ru [**....]
Gold:   612        SH:  0    Dex: 13    Spells: 7/24 levels left

rFire   x . .      SeeInvis .      - Unarmed
rCold   + + +      Faith    .    (shield currently unavailable)
rNeg    . . .      Spirit   .    (body armour currently unavailable)
rPois   +          Reflect  .    (helmet currently unavailable)
rElec   .          Harm     .    (cloak currently unavailable)
rCorr   .          Rampage  .    (gloves currently unavailable)
Will    +....                    (boots currently unavailable)
Stlth   +                        u - amulet of magic regeneration
HPRegen 0.36/turn                I - +6 ring of intelligence
MPRegen 0.57/turn                y - ring of willpower

@: ice-form
A: freezing attack, amphibious, boosted hp, large, (hooves 1), icemail 1,
inability to use devices, big brain 2, condensation shield, demonic magic 1
a: End Transformation, Renounce Religion


You were on level 2 of the Lair of Beasts.
You worshipped Ru.
Ru was pleased with you.
You were a creature of crystalline ice.
You visited 3 branches of the dungeon, and saw 12 of its levels.
You also visited: Ossuary.

You collected 1256 gold pieces.
You spent 644 gold pieces at shops.


Innate Abilities, Weirdness & Mutations

You are a creature of crystalline ice.
You have a powerful freezing melee attack.
You are amphibious.
Your maximum health is increased.
Your armour is entirely melded.
You are incapable of wielding weapons or throwing items.
((You have large cloven feet.))
A meltable icy envelope protects you from harm. (AC +0)
You cannot study or use magical devices.
You have an extremely huge brain. (Int +4)
A meltable shield of frost defends you. (SH +0)
Spells you cast may paralyse adjacent enemies.


   Skills:
 + Level 6.2 Fighting
 + Level 5.9 Dodging
 + Level 7.3 Unarmed Combat
 + Level 7.0 Spellcasting
 * Level 9.9 Transmutations
 - Level 5.0 Ice Magic
 - Level 2.2 Poison Magic


You had 7 spell levels left.
You knew the following spells:

 Your Spells              Type           Power      Damage    Failure   Level
a - Beastly Appendage     Tmut           100%       N/A       1%          1
b - Wereblood             Tmut           62%        N/A       1%          2
c - Spider Form           Tmut/Pois      45%        N/A       1%          3
d - Ice Form              Ice/Tmut       52%        N/A       2%          4
e - Dragon Form           Tmut           31%        N/A       56%         7

Your spell library contained the following spells:

 Spells                   Type           Power      Damage    Failure   Level
 Freeze                   Ice            100%       1d10      1%          1
 Frozen Ramparts          Ice            78%        1d12      1%          3
 Ignite Poison            Fire/Tmut/Pois 33%        N/A       2%          3
 Summon Small Mammal      Summ           40%        N/A       4%          1
 Poisonous Vapours        Pois/Air       32%        N/A       4%          2
 Cigotuvi's Dreadful Rot  Necr/Pois/Air  28%        N/A       5%          2
 Hailstorm                Conj/Ice       24%        3d7       5%          3
 Mephitic Cloud           Conj/Pois/Air  14%        N/A       11%         3
 Call Canine Familiar     Summ           10%        N/A       16%         3
 Kindle Blastsparks       Fire/Tloc/Air  20%        2d11      16%         3
 Summon Guardian Golem    Hex/Summ       10%        N/A       16%         3
 Tukima's Dance           Hex            10%        N/A       16%         3
 Yara's Violent Unravell  Hex/Tmut       19%        3d9       19%         5
 Cause Fear               Hex            5%         N/A       45%         4
 Fulminant Prism          Conj/Hex       5%         3d7       45%         4
 Iskenderun's Mystic Bla  Conj/Tloc      10%        2d4       45%         4
 Passage of Golubria      Tloc           10%        N/A       45%         4
 Sticky Flame             Conj/Fire      10%        2d3       45%         4
 Lee's Rapid Deconstruct  Erth           5%         3d6*      80%         5
 Ignition                 Fire           5%         3d4       100%        8
 Dragon's Call            Summ           5%         N/A       100%        9

Inventory:

Missiles
 i - 103 stones
 j - 10 poisoned darts
 p - 5 boomerangs
 s - 4 javelins
 D - a curare-tipped dart {=f}
Armour
 a - a +0 robe (melded)
 g - a +0 pair of gloves (melded)
   (You found it on level 2 of the Dungeon)
 n - a +0 cloak (melded)
   (You took it off Crazy Yiuf on level 3 of the Dungeon)
Magical Staves
 o - a staff of fire {!a}
   (You found it on level 2 of the Dungeon)
Jewellery
 f - a ring of protection from fire
   (You found it in an ossuary)
 u - an amulet of magic regeneration (around neck)
   (You found it on level 5 of the Dungeon)
 v - a ring of see invisible
   (You found it on level 6 of the Dungeon)
 y - a ring of willpower (right front paw)
   (You found it on level 7 of the Dungeon)
 A - an amulet of the acrobat
   (You found it on level 5 of the Dungeon)
 C - a ring of protection from cold
   (You found it on level 4 of the Dungeon)
 F - a ring of fire
   (You took it off a gnoll on level 4 of the Dungeon)
 I - a +6 ring of intelligence (left front paw)
   (You found it on level 2 of the Dungeon)
 P - a ring of poison resistance
   (You found it in an ossuary)
 T - an amulet of faith {!P}
   (You took it off an orc priest on level 8 of the Dungeon)
 W - a ring of magical power
   (You found it in an ossuary)
Wands
 r - a wand of charming (4)
   (You found it on level 2 of the Lair of Beasts)
Scrolls
 m - 6 scrolls of teleportation {@r4}
 q - 2 scrolls of immolation {!r!r}
 w - 2 scrolls of butterflies
Potions
 b - 4 potions of lignification {!q}
 c - 3 potions of resistance {unknown}
 d - a potion of attraction {!q}
 e - 3 potions of flight
 h - 2 potions of brilliance
 k - 3 potions of invisibility
 l - 3 potions of curing {@q1}
 t - 3 potions of mutation {!q}
 x - 3 potions of berserk rage {unknown}
 B - 3 potions of ambrosia
 K - 2 potions of degeneration {unknown}
 L - a potion of haste {@q3}
 M - 2 potions of cancellation

Dungeon Overview and Level Annotations

Branches:
Dungeon (9/15) Zot: 25060  Temple (1/1) D:5 Zot: 5787    Lair (2/5) D:9 Zot: 9998
Ossuary (visited)
  Swamp: Lair:2-3    Shoals: Lair:2-3     Snake: Lair:2-3    Spider: Lair:2-3
    Orc: D:9-12

Altars:
Ashenzari
Cheibriados
Dithmenos
Fedhas
Gozag
Hepliaklqana
Kikubaaqudgha
Makhleb
Nemelex Xobeh
Okawaru
Qazlal
Ru
Sif Muna
Trog
Uskayaw
Vehumet
Wu Jian
Xom
Yredelemnul

Shops:
D:7 [:=[*   D:8 [   D:9 [

Annotations:
D:4 Ijyb
D:6 2 transporters
D:9 exclusion: wizard

.... ...... ...... ######
##....... ###.#..###.......
.. #P..............##...
.................#.. ######
#......Y.ยง......#... ...#.#
##.....Y..###....... ....##
#......ยงยง...........
.....## ###.................$
......###....................
.......###...........#.......
.........#.......##.#.......#
.................########P###
#.................## #


You could see an elephant.


Message History

You take 3 damage, and now have 60/97 hp.
You punch the elephant! You freeze the elephant.
The elephant tramples you but does no damage.
The elephant trunk-slaps you.
The steam dragon begins to attack, but is stunned by your conviction!
The elephant closely misses you. The elephant misses you. ๐Ÿ˜ฎ HP[-1]
You take 1 damage, and now have 59/97 hp.
You punch the elephant! You freeze the elephant. The elephant tramples you.
You hold your ground!
The elephant trunk-slaps you but does no damage.
The elephant tramples you!
You stumble backwards! ๐Ÿ˜ฎ HP[-7]
You take 7 damage, and now have 52/97 hp.
You punch the elephant! You freeze the elephant. The elephant tramples you.
You stumble backwards! ๐Ÿ˜ฎ HP[-3]
You take 3 damage, and now have 49/97 hp.
You hit the elephant but do no damage. The elephant tramples you.
* * * LOW HITPOINT WARNING * * *
You stumble backwards! ๐Ÿ˜จ HP[-4]
You take 4 damage, and now have 45/97 hp.
You completely miss the elephant.
The elephant closely misses you. x2 ๐Ÿ˜จ HP[+1] Unknown command.
You hit the elephant but do no damage. The elephant misses you.
The elephant trunk-slaps you.
* * * LOW HITPOINT WARNING * * *
The elephant closely misses you. The elephant trunk-slaps you.
* * * LOW HITPOINT WARNING * * *
๐Ÿ˜จ HP[-5]
You take 5 damage, and now have 41/97 hp.
Unknown command.
You punch the steam dragon! You freeze the steam dragon.
The elephant tramples you!
* * * LOW HITPOINT WARNING * * *
You stumble backwards! ๐Ÿ˜จ HP[-8]
You take 8 damage, and now have 33/97 hp.
The steam dragon bites you.
* * * LOW HITPOINT WARNING * * *
The steam dragon claws you but does no damage.
The elephant closely misses you.
The elephant trunk-slaps you but does no damage.
You punch the steam dragon! You freeze the steam dragon.
Unknown command.
You hit the steam dragon but do no damage.
The elephant tramples you but does no damage.
The elephant completely misses you.
The steam dragon bites you but does no damage.
The steam dragon misses you. The elephant tramples you!
* * * LOW HITPOINT WARNING * * *
You hold your ground!
The elephant completely misses you. ๐Ÿ˜ฑ HP[-11]
You take 11 damage, and now have 22/97 hp.
Unknown command.
You barely miss the steam dragon. The elephant closely misses you.
The elephant trunk-slaps you but does no damage.
The steam dragon breathes steam at you. The ball of steam misses you.
The elephant misses you.
The elephant trunk-slaps you but does no damage. ๐Ÿ˜ฑ HP[+1] Unknown command.
You hit the steam dragon but do no damage.
The elephant tramples you but does no damage.
The elephant trunk-slaps you but does no damage.
The steam dragon barely misses you. The steam dragon closely misses you.
The elephant is engulfed in a cloud of scalding steam.
The elephant tramples you.
* * * LOW HITPOINT WARNING * * *
You hold your ground!
The elephant barely misses you. ๐Ÿ˜ฑ HP[-5]
You take 5 damage, and now have 18/97 hp.
Unknown command.
You punch the steam dragon! You freeze the steam dragon.
You kill the steam dragon!
The elephant is engulfed in a cloud of scalding steam.
The elephant barely misses you.
The elephant trunk-slaps you but does no damage.
The elephant is engulfed in a cloud of scalding steam.
The elephant is stunned by your conviction and fails to attack.
Unknown command.
You hit the elephant but do no damage. The elephant tramples you.
* * * LOW HITPOINT WARNING * * *
You stumble backwards! ๐Ÿ˜ฑ HP[-3]
You take 3 damage, and now have 15/97 hp.
You punch the elephant! You freeze the elephant.
You kill the elephant!
You are engulfed in a cloud of scalding steam.
* * * LOW HITPOINT WARNING * * *
The elephant tramples you but does no damage.
The elephant trunk-slaps you but does no damage. ๐Ÿ˜ฑ HP[-8]
You take 8 damage, and now have 7/97 hp.
Unknown command.
The elephant attacks as you move away! The elephant tramples you!
You die...

Skill      XL: |  1  2  3  4  5  6  7  8  9 10 11 |
---------------+----------------------------------+-----
Transmutations | 2 3 4 5 6 7 9 |  9.9
Unarmed Combat | 3 4 5 6 7 |  7.3
Poison Magic   | 1 2 |  2.2
Spellcasting   | 3 4 5 6 7 |  7.0
Ice Magic      | 1 3 4 5 |  5.0
Dodging        | 2 4 5 |  5.9
Fighting       | 2 4 5 6 |  6.2

Action                   |  1- 3 |  4- 6 |  7- 9 | 10-12 || total
-------------------------+-------+-------+-------+-------++-------
Melee: Unarmed           |   130 |   116 |   349 |   260 ||   855
       Kick              |    24 |     2 |     7 |       ||    33
       Headbutt          |    11 |       |       |       ||    11
       Punch             |     2 |       |     1 |       ||     3
 Cast: Beastly Appendage |    34 |     1 |       |       ||    35
       Spider Form       |     1 |    12 |     5 |       ||    18
       Wereblood         |     1 |     1 |     3 |     7 ||    12
       Ice Form          |       |     2 |    30 |    18 ||    50
Invok: Sacrifice Artific |       |       |       |     1 ||     1
Evoke: Wand              |       |       |     4 |       ||     4
  Use: Scroll            |     6 |     2 |     7 |     5 ||    20
       Potion            |       |     1 |     2 |     3 ||     6
 Stab: Sleeping          |     2 |       |       |       ||     2
       Paralysed         |       |       |       |     3 ||     3
Armor: Robe              |    29 |       |     7 |       ||    36
       Skin              |     1 |     3 |   138 |   117 ||   259
Dodge: Dodged            |    89 |    75 |   203 |   121 ||   488
Block: Other             |       |    15 |    57 |    37 ||   109

Levels and vault maps discovered:
D:1:      dpeg_arrival_more_subterranean_lakeside_camping, layout_loops_ring,
          hellmonk_ecumenical_altar_run_dry
D:2:      layout_loops_ring
D:3:      layout_loops_ring, uniq_crazy_yiuf_cottage
D:4:      layout_basic, st_stairs_1, corexii_item_surrounded_by_moat,
          minmay_increasing_density, uniq_ijyb, uniq_natasha
D:5:      layout_loops_cross, minmay_temple_entry_glass, corner_web_ring
D:6:      gammafunk_wand_slinger, layout_basic
D:7:      layout_rooms, serial_shops, shop, nicolae_stop_n_shop_1,
          nicolae_shop_stone, shop, nicolae_shop_window_shopping, serial_curves,
          eino_curves_02, eino_curves_04
D:8:      layout_loops_ring, nicolae_overflow_hidden_temple,
          nicolae_ossuary_entry_false_entrances, serial_shops, shop
D:9:      layout_layer_cave, hellmonk_lair_entry_icy, serial_shops,
          nicolae_square_shop, laboratory
Temple:   nicolae_temple_bog_church
Lair:1:   layout_loops_ring, lemuel_fruit_tree, serial_bayou_shore_a,
          grunt_megastairs_2
Lair:2:   layout_hall_layers, spider_nest_entry_a, basic_altar

Notes
Turn   | Place    | Note
-------+----------+-------------------------------------------
     0 | D:1      | kae the Demonspawn Transmuter began the quest for the Orb.
     0 | D:1      | Reached XP level 1. HP: 15/15 MP: 3/3
     0 | D:1      | magus.rc [v1.11.3]
    97 | D:1      | Reached skill level 2 in Transmutations
   170 | D:1      | Found a faded altar of an unknown god.
   178 | D:1      | Gained mutation: You have an unusually large brain. (Int
                  | +2) [demonic ancestry]
   178 | D:1      | Reached XP level 2. HP: 21/21 MP: 3/5
   327 | D:1      | You add the spells Tukima's Dance, Passage of Golubria and
                  | Yara's Violent Unravelling to your library.
  1070 | D:2      | Reached skill level 3 in Unarmed Combat
  1163 | D:2      | Lost mutation: You have razor-sharp toenails. [demonic
                  | ancestry]
  1163 | D:2      | Lost mutation: You have sharp toenails. [demonic ancestry]
  1163 | D:2      | Gained mutation: You have large cloven feet. [demonic
                  | ancestry]
  1163 | D:2      | Reached XP level 3. HP: 25/26 MP: 4/6
  1173 | D:2      | Learned a level 2 spell: Wereblood
  1177 | D:2      | Learned a level 3 spell: Spider Form
  1445 | D:2      | You pick up a book of Callings and begin reading...
  1445 | D:2      | You add the spells Summon Small Mammal, Call Canine
                  | Familiar and Summon Guardian Golem to your library.
  2018 | D:3      | Reached skill level 1 in Poison Magic
  2273 | D:3      | Found a runed translucent door.
  2274 | D:3      | Noticed Crazy Yiuf
  2631 | D:4      | Noticed Natasha
  2655 | D:4      | Gained mutation: A meltable shield of frost defends you.
                  | (SH +0) [demonic ancestry]
  2655 | D:4      | Reached XP level 4. HP: 12/32 MP: 1/7
  2658 | D:4      | Reached skill level 3 in Transmutations
  2710 | D:4      | Killed Natasha
  2819 | D:4      | Reached skill level 2 in Poison Magic
  2819 | D:4      | Reached XP level 5. HP: 24/37 MP: 3/9
  3132 | D:4      | Noticed Natasha
  3274 | D:4      | Killed Natasha
  3275 | D:4      | Reached skill level 3 in Spellcasting
  3278 | D:4      | Noticed Natasha
  3285 | D:4      | Killed Natasha
  3415 | D:4      | Noticed a phantom
  3421 | D:4      | Reached XP level 6. HP: 41/43 MP: 7/10
  3449 | D:4      | Reached skill level 4 in Transmutations
  3564 | D:4      | Noticed Ijyb
  3571 | D:4      | Learned a level 4 spell: Ice Form
  3944 | D:3      | Killed Crazy Yiuf
  4079 | D:5      | Entered Level 5 of the Dungeon
  4312 | D:5      | Reached skill level 1 in Ice Magic
  4344 | D:5      | Reached skill level 4 in Unarmed Combat
  4344 | D:5      | Gained mutation: A meltable icy envelope protects you from
                  | harm. (AC +0) [demonic ancestry]
  4344 | D:5      | Reached XP level 7. HP: 48/48 MP: 7/12
  4473 | D:5      | Found a staircase to the Ecumenical Temple.
  4488 | D:5      | Reached skill level 2 in Ice Magic
  4500 | Temple   | Entered the Ecumenical Temple
  4685 | Temple   | Became a worshipper of Ru the Awakened
  4840 | D:5      | You pick up a book of Frost and begin reading...
  4840 | D:5      | You add the spells Freeze, Frozen Ramparts and Hailstorm to
                  | your library.
  4957 | D:5      | Reached skill level 5 in Transmutations
  5183 | D:5      | HP: 13/54 [poisoned by a scorpion]
  5189 | D:5      | Reached skill level 4 in Spellcasting
  5189 | D:5      | Reached skill level 3 in Ice Magic
  5554 | D:6      | Reached XP level 8. HP: 53/53 MP: 14/14
  5782 | D:6      | Reached skill level 2 in Dodging
  6073 | D:6      | Found a transporter.
  6075 | D:6      | Noticed a kobold demonologist
  6230 | D:6      | Found a transporter.
  6473 | D:6      | You pick up a book of Vapours and begin reading...
  6473 | D:6      | You add the spells Poisonous Vapours, Cigotuvi's Dreadful
                  | Rot and Mephitic Cloud to your library.
  6527 | D:7      | Reached skill level 2 in Fighting
  6527 | D:7      | Reached skill level 6 in Transmutations
  6527 | D:7      | Reached skill level 4 in Ice Magic
  6531 | D:7      | Found Plog's Book Boutique.
  6571 | D:7      | Found Vastalyf's Jewellery Shop.
  6618 | D:7      | Found Veateaguch's Armour Boutique.
  6751 | D:7      | You pick up a book of Blasting and begin reading...
  6751 | D:7      | You add the spells Kindle Blastsparks, Fulminant Prism,
                  | Iskenderun's Mystic Blast and Lee's Rapid Deconstruction to
                  | your library.
  6775 | D:7      | Reached skill level 5 in Unarmed Combat
  6864 | D:7      | Found Atackozuate's Antique Armour Boutique.
  6885 | D:7      | Found Anoeluh's General Store.
  6995 | D:7      | Reached XP level 9. HP: 62/62 MP: 13/16
  7082 | D:8      | Found Quhick's Antique Armour Emporium.
  7181 | D:8      | Reached skill level 3 in Dodging
  7198 | D:8      | Found a sand-covered staircase.
  7273 | Ossuary  | Entered an ossuary
  7601 | Ossuary  | Reached skill level 3 in Fighting
  7932 | D:8      | Found a sparkling altar of Nemelex Xobeh.
  7936 | D:8      | Found a bloodstained altar of Trog.
  8119 | D:8      | Found a radiant altar of Vehumet.
  8357 | D:9      | Reached skill level 5 in Spellcasting
  8357 | D:9      | Reached skill level 7 in Transmutations
  8465 | D:9      | Noticed a gargoyle
  8476 | D:9      | Killed a gargoyle
  8604 | D:9      | Noticed a polar bear
  8607 | D:9      | Noticed a polar bear
  8633 | D:9      | Reached skill level 5 in Ice Magic
  8635 | D:9      | Reached skill level 4 in Dodging
  8635 | D:9      | HP: 19/78 [vampire mosquito (5)]
  8646 | D:9      | Reached skill level 4 in Fighting
  8877 | D:9      | Killed a polar bear
  8878 | D:9      | Gained mutation: You have an extremely huge brain. (Int +4)
                  | [demonic ancestry]
  8878 | D:9      | Reached XP level 10. HP: 57/71 MP: 18/18
  9061 | D:9      | Reached skill level 6 in Unarmed Combat
  9061 | D:9      | Reached skill level 8 in Transmutations
  9136 | D:9      | Found a staircase to the Lair.
  9148 | D:9      | Found Siggasoa's Antique Armour Shoppe.
 10070 | D:9      | Noticed a wizard
 10140 | D:9      | Identified a scroll of acquirement
 10140 | D:9      | Acquired 575 gold pieces
 10234 | D:7      | Bought a book of the Dragon for 644 gold pieces
 10234 | D:7      | You pick up a book of the Dragon and begin reading...
 10234 | D:7      | You add the spells Cause Fear, Dragon Form and Dragon's
                  | Call to your library.
 10242 | D:7      | Learned a level 7 spell: Dragon Form
 10296 | Lair:1   | Entered Level 1 of the Lair of Beasts
 10306 | Lair:1   | Reached skill level 6 in Spellcasting
 10363 | Lair:1   | Reached skill level 5 in Fighting
 10546 | Lair:1   | Noticed an elephant
 10548 | Lair:1   | Noticed an elephant
 10567 | Lair:1   | Noticed an elephant
 10570 | Lair:1   | Noticed an elephant
 10578 | Lair:1   | Killed an elephant
 10579 | Lair:1   | Reached skill level 5 in Dodging
 10591 | Lair:1   | Noticed an elephant
 10594 | Lair:1   | Killed an elephant
 10597 | Lair:1   | HP: 17/88 [elephant (10)]
 10606 | Lair:1   | Killed an elephant
 10607 | Lair:1   | Reached skill level 9 in Transmutations
 10609 | Lair:1   | HP: 15/88 [elephant (13)]
 10610 | Lair:1   | Killed an elephant
 10613 | Lair:1   | HP: 6/88 [elephant (10)]
 10615 | Lair:1   | Killed an elephant
 10864 | Lair:1   | Gained mutation: Spells you cast may paralyse adjacent
                  | enemies. [demonic ancestry]
 10864 | Lair:1   | Reached XP level 11. HP: 80/80 MP: 17/20
 11024 | Lair:1   | You add the spells Ignite Poison, Sticky Flame and Ignition
                  | to your library.
 11319 | Lair:1   | Reached skill level 7 in Unarmed Combat
 11845 | Lair:1   | Reached skill level 6 in Fighting
 12178 | Lair:2   | Gained mutation: You cannot study or use magical devices.
                  | [Ru sacrifice]
 12178 | Lair:2   | Reached * piety under Ru
 12178 | Lair:2   | Reached ** piety under Ru
 12286 | Lair:2   | Reached skill level 7 in Spellcasting
 12299 | Lair:2   | HP: 22/97 [elephant (11)]
 12304 | Lair:2   | HP: 6/97 [something (9)]
 12305 | Lair:2   | Slain by an elephant

Vanquished Creatures
  A black mamba (Lair:1)
  7 elephants
  A cane toad (Lair:1)
  A gargoyle (D:9)
  A rime drake (D:9)
  2 polar bears (D:9)
  A hornet (D:9)
  14 yaks
  2 wyverns
  A wraith (Ossuary)
  A steam dragon (Lair:2)
  4 vampire mosquitoes (D:9)
  A water moccasin (Lair:1)
  2 sky beasts (D:7)
  6 ice beasts
  2 black bears
  8 wolves
  2 centaurs (D:9)
  3 phantoms
  A kobold brigand (D:8)
  4 bullfrogs
  5 scorpions
  5 wights
  3 jellies
  4 hounds
  2 gnoll boudas
  3 orc priests (D:8)
  Crazy Yiuf (D:3)
  A human zombie (Ossuary)
  Natasha (thrice) (D:4)
  6 iguanas
  2 orc wizards
  3 mummies (Ossuary)
  11 gnolls
  6 adders
  A shadow imp (D:6)
  A white imp (D:7)
  2 ufetubi (D:6)
  3 dart slugs
  26 orcs
  4 bats
  6 endoplasms
  3 giant cockroaches
  4 goblins
  8 hobgoblins
  3 jackals (D:2)
  9 kobolds
  A quokka (D:5)
  3 ball pythons
  4 frilled lizards
  3 goblin zombies (Ossuary)
  3 hobgoblin zombies (Ossuary)
  3 kobold zombies (Ossuary)
  An orc zombie (Ossuary)
  12 rats
220 creatures vanquished.

Vanquished Creatures (others)
  2 fungi (Lair:1)
  4 plants
6 creatures vanquished.

Grand Total: 226 creatures vanquished

Table legend:
 A = Non-vault XP
 B = Vault XP
 C = Vault XP percentage of total XP
 D = Non-vault monster count
 E = Vault monster count
 F = Vault count percentage of total count
                 A         B        C        D         E       F
            +---------+---------+-------+---------+---------+-------
      Total |   13282 |    2637 |  16.6 |     183 |      37 |  16.8
            +---------+---------+-------+---------+---------+-------
        D:1 |      33 |       0 |   0.0 |      22 |       0 |   0.0
        D:2 |      32 |       0 |   0.0 |      17 |       0 |   0.0
        D:3 |      29 |      39 |  57.4 |      11 |       1 |   8.3
        D:4 |     167 |     234 |  58.4 |      16 |       9 |  36.0
        D:5 |     890 |       0 |   0.0 |      18 |       0 |   0.0
        D:6 |     674 |       0 |   0.0 |      19 |       0 |   0.0
        D:7 |     716 |       0 |   0.0 |      11 |       0 |   0.0
        D:8 |     397 |       0 |   0.0 |      26 |       0 |   0.0
        D:9 |    2014 |    1969 |  49.4 |      11 |      11 |  50.0
     Lair:1 |    6802 |      90 |   1.3 |      27 |       1 |   3.6
     Lair:2 |    1528 |       0 |   0.0 |       5 |       0 |   0.0
    Ossuary |       0 |     305 | 100.0 |       0 |      15 | 100.0
            +---------+---------+-------+---------+---------+-------

Illustrated notes

Table legend:
 A = Kills in this place as a percentage of kills in entire the game.
 B = Kills by you in this place as a percentage of kills by you in the entire game.
 C = Kills by friends in this place as a percentage of kills by friends in the entire game.
 D = Other kills in this place as a percentage of other kills in the entire game.
 E = Experience gained in this place as a percentage of experience gained in the entire game.
 F = Experience gained in this place divided by the number of levels of this place that you have seen.
                   A       B       C       D       E      F
               +-------+-------+-------+-------+-------+----------------------
         Total | 100.0 | 100.0 |   N/A |   N/A | 100.0 | 1224.5
       Dungeon |  78.2 |  78.2 |   N/A |   N/A |  45.2 | 799.3
          Lair |  15.0 |  15.0 |   N/A |   N/A |  52.9 | 4210.0
       Ossuary |   6.8 |   6.8 |   N/A |   N/A |   1.9 | 305.0
               +-------+-------+-------+-------+-------+----------------------

Table legend: (Time is in decaauts)
 A = Elapsed time spent in this place.
 B = Non-inter-level travel time spent in this place.
 C = Inter-level travel time spent in this place.
 D = Time resting spent in this place.
 E = Time spent auto-exploring this place.
 F = Levels seen in this place.
 G = Mean time per level.
                   A        B        C        D        E       F      G
               +--------+--------+--------+--------+--------+-----+--------+
         Total |  12273 |  11840 |    433 |   1736 |   8112 |  13 |  944.1 |
       Dungeon |   9646 |   9283 |    363 |   1314 |   6433 |   9 | 1071.8 |
        Temple |    212 |    174 |     38 |      0 |    154 |   1 |  212.0 |
          Lair |   2001 |   1969 |     32 |    422 |   1221 |   2 | 1000.5 |
       Ossuary |    413 |    413 |      0 |      0 |    304 |   1 |  413.0 |
               +--------+--------+--------+--------+--------+-----+--------+

Top non-repeatable levels by time:
     D:9: 1868 daAuts
  Lair:1: 1655 daAuts
     D:5: 1436 daAuts
     D:3: 1293 daAuts
     D:4: 1062 daAuts
     D:8: 933 daAuts
     D:1: 919 daAuts
     D:2: 800 daAuts
     D:6: 782 daAuts
     D:7: 551 daAuts
 Ossuary: 413 daAuts
  Lair:2: 345 daAuts
  Temple: 212 daAuts
